 Dungeon Crawl Stone Soup version 0.26-a0-752-gcff87cac9a (webtiles) character file.

Game seed: 13853815991393854298

36 Queen the Skirmisher (level 3, 0/33 HPs)
             Began as a Hill Orc Fighter on Nov 6, 2020.
             Slain by a hound (3 damage)
             ... on level 2 of the Dungeon.
             The game lasted 00:02:58 (1396 turns).

Queen the Skirmisher (Hill Orc Fighter)             Turns: 1396, Time: 00:02:59

Health: 0/33       AC:  9    Str: 19    XL:     3   Next: 37%
Magic:  3/3        EV:  5    Int:  8    God:
Gold:   66         SH:  9    Dex: 10    Spells: 2/2 levels left

rFire    . . .     SeeInvis .   a - +0 war axe
rCold    . . .     Faith    .   c - +0 kite shield
rNeg     . . .     Spirit   .   i - +0 chain mail
rPois    .         Reflect  .   (no helmet)
rElec    .         Harm     .   (no cloak)
rCorr    .         Rampage  .   (no gloves)
MR       .....                  (no boots)
Stlth    ..........             (no amulet)
HPRegen  0.11/turn              (no ring)
MPRegen  0.08/turn              (no ring)

@: no status effects
A: no striking features
a: no special abilities


You were on level 2 of the Dungeon.
You visited 1 branch of the dungeon, and saw 2 of its levels.

You collected 66 gold pieces.

Inventory:

Hand Weapons
 a - a +0 war axe (weapon)
Armour
 c - a +0 kite shield (worn)
 i - a +0 chain mail (worn)
Jewellery
 b - an uncursed amulet of the acrobat {unknown}
Scrolls
 e - a scroll of identify {unknown}
 f - a scroll of amnesia {unknown}
 g - a scroll of blinking {unknown}
 h - a scroll of magic mapping {unknown}
 j - a scroll of enchant armour {unknown}
Potions
 d - a potion of might
 k - a potion of degeneration {unknown}


   Skills:
 + Level 4.1 Fighting
 + Level 3.1 Axes
 + Level 3.8 Armour
 + Level 3.7 Shields


You had 2 spell levels left.
You didn't know any spells.
Your spell library was empty.

Dungeon Overview and Level Annotations

Branches:
Dungeon (2/15)

Altars:


Message History

The hound is almost dead.
You block the hound's attack.
The centaur wields a +0 shortbow.
The centaur shoots an arrow.
The arrow hits you but does no damage. The hound bites you.
You miss the hound.
The hound is almost dead.
The centaur shoots an arrow.
The arrow hits you! You block the hound's attack.
The centaur shoots an arrow.
The arrow hits you! The hound bites you.
* * * LOW HITPOINT WARNING * * *
You are too injured to fight recklessly!
The centaur unwields a +0 shortbow.
The centaur hits you.
* * * LOW HITPOINT WARNING * * *
The hound pauses to sniff the ground.
The hound bites you.
* * * LOW HITPOINT WARNING * * *
The hound pauses to sniff the ground.
The hound bites you but does no damage. The hound bites you but does no damage.
The hound bites you.
You die...

# #.....# #.# ...
#.....# #.#
.....###(##.# #.#
............# #.#
.....###.#### #<#
... #.# #.# # #c#
#.# .#####.######
#.#
........h@...####.#
############.<....#
########


You could see a hound.

Vanquished Creatures
  An adder (D:1)
  3 oozes
  A dart slug (D:1)
  2 bats (D:1)
  A giant cockroach (D:1)
  3 goblins
  A kobold (D:1)
12 creatures vanquished.

Vanquished Creatures (others)
  A plant (D:1)
1 creature vanquished.

Grand Total: 13 creatures vanquished

Notes
Turn   | Place    | Note
-------+----------+-------------------------------------------
     0 | D:1      | Queen the Hill Orc Fighter began the quest for the Orb.
     0 | D:1      | Reached XP level 1. HP: 19/19 MP: 1/1
    67 | D:1      | Reached XP level 2. HP: 27/27 MP: 2/2
   359 | D:1      | Reached skill level 4 in Fighting
   805 | D:1      | Reached XP level 3. HP: 4/33 MP: 3/3
  1136 | D:2      | Noticed an ogre
  1387 | D:2      | Noticed a centaur
  1396 | D:2      | Slain by a hound

Illustrated notes

Levels and vault maps discovered:
D:1:      tarquinn_simple_flora_water_a, layout_loops_ring, serial_bayou,
          serial_bayou_pond_c, serial_bayou_shore_b, serial_bayou_ford_a,
          serial_bayou_crossing, serial_bayou_lake_a
D:2:      layout_loops_ring

Skill      XL: |  1  2 |
---------------+-------+-----
Axes           | 3 |  3.1
Fighting       | 4 |  4.1
Armour         | |  3.8
Shields        | |  3.7

Action                   || total
-------------------------++-------
Melee: War axe           ||    70
Armor: Scale mail        ||     7
       Chain mail        ||    41
Dodge: Dodged            ||    25
Block: Kite shield       ||    54

Table legend: (Time is in decaauts)
 A = Elapsed time spent in this place.
 B = Non-inter-level travel time spent in this place.
 C = Inter-level travel time spent in this place.
 D = Time resting spent in this place.
 E = Time spent auto-exploring this place.
 F = Levels seen in this place.
 G = Mean time per level.
                   A        B        C        D        E       F      G
               +--------+--------+--------+--------+--------+-----+--------+
         Total |   1480 |   1421 |     59 |    380 |    691 |   2 |  740.0 |
       Dungeon |   1480 |   1421 |     59 |    380 |    691 |   2 |  740.0 |
               +--------+--------+--------+--------+--------+-----+--------+

Top non-repeatable levels by time:
     D:1: 1286 daAuts
     D:2: 193 daAuts
